[Event "*** SCC Grand Prix: Titled Tuesday Blitz"]
[Site "Chess.com"]
[Date "2020.07.07"]
[Round "2"]
[White "SidArun"]
[Black "shnitez"]
[Result "0-1"]
[WhiteElo "2206"]
[BlackElo "2519"]
[TimeControl "180+1"]
[EndTime "10:18:56 PDT"]
[Termination "shnitez won by resignation"]

1. d4 Nf6 2. Bg5 Ne4 3. h4 c5 4. d5 Qb6 5. Nd2 Nxg5 6. hxg5 Qxb2 7. g6 fxg6 8. e4 a6 9. Ngf3 d6 10. Rb1 Qc3 11. Nh4 Qf6 12. Rb3 g5 13. Qh5+ Qf7 14. Ng6 Rg8 15. Qxh7 Nd7 16. Nh8 Nf6 17. Nxf7 Nxh7 18. Nxd6+ exd6 19. Rxh7 b5 20. Rg3 Be7 21.
Nf3 g4 22. Nh2 Bg5 23. Nxg4 Bxg4 24. Rxg4 Bf6 25. Rg3 O-O-O 26. Ra3 Kb7 27. c4 b4 28. Rd3 Rh8 29. Rxh8 Rxh8 30. Rh3 Re8 31. f3 a5 32. Bd3 a4 33. Bc2 Ra8 34. Kd2 Kb6 35. Rh1 Ka5 36. Rb1 b3 37. axb3 a3 38. b4+ cxb4 39. Bb3 Kb6 40.
Ba2 Kc5 41. Kc2 Rh8 42. Kb3 Rh2 43. Rg1 Bd4 44. Re1 Rxg2 45. e5 Rb2+ 46. Ka4 Rxa2 47. e6 Bf6 48. e7 Bxe7 49. Rxe7 Rf2 50. Rc7+ Kd4 51. Kxb4 a2 52. Ra7 Rb2+ 0-1

[Event "*** SCC Grand Prix: Titled Tuesday Blitz"]
[Site "Chess.com"]
[Date "2020.07.07"]
[Round "2"]
[White "aa175"]
[Black "Klaus1995"]
[Result "1-0"]
[WhiteElo "2347"]
[BlackElo "1859"]
[TimeControl "180+1"]
[EndTime "10:18:56 PDT"]
[Termination "aa175 won by resignation"]

1. d4 Nf6 2. Bf4 e6 3. e3 c5 4.
Nf3 cxd4 5. exd4 d5 6. Nbd2 Bd6 7. Bg3 O-O 8. c3 Nc6 9. Bd3 a6 10. Ne5 Bxe5 11. dxe5 Nd7 12. Nf3 f6 13. Qe2 fxe5 14. Nxe5 Ndxe5 15. Bxe5 Nxe5 16. Qxe5 Qf6 17. Qxf6 Rxf6 18.
O-O e5 19. Rfe1 e4 20. Bc2 Bd7 21. Rad1 Bc6 22. Bb3 Raf8 23. Re2 Rf5 24. Rd4 g6 25.
Rdxe4 Kg7 26. Re5 Rxe5 27. Rxe5 Rd8 28. Re7+ Kh6 29. Re1 d4 30. Rd1 d3 31. f3 d2 32.
Kf2 Bb5 33. Ke3 Rd3+ 34. Kf2 Rd6 35. a4 Bd3 36. Rxd2 Rd7 37. Bc4 Bf5 38. Rxd7 Bxd7 39. a5 Bc6 40. b4 Kg5 41. Bd3 Kh6 42. g3 Kg5 43. Ke3 Kf6 44. f4 Ke6 45. Kd4 g5 46. fxg5 Bb5 47. Bxb5 axb5 48. g4 Kf7 49. h4 Kg6 50.
Kc5 h6 51. gxh6 Kxh6 52. Kxb5 Kg6 53. Kb6 Kf7 54. Kxb7 Ke6 55. a6 Kd5 56. a7 1-0

[Event "*** SCC Grand Prix: Titled Tuesday Blitz"]
[Site "Chess.com"]
[Date "2020.07.07"]
[Round "2"]
[White "rasmussvane"]
[Black "Undisputed92"]
[Result "1-0"]
[WhiteElo "2880"]
[BlackElo "2560"]
[TimeControl "180+1"]
[EndTime "10:18:57 PDT"]
[Termination "rasmussvane won by resignation"]

1. Nf3 Nf6 2. g3 d5 3. Bg2 c6 4.
O-O g6 5. c4 Bg7 6. b3 Ne4 7. d4 O-O 8. Bb2 a5 9. Nc3 Nxc3 10. Bxc3 a4 11. Qd2 Nd7 12. Qe3 Re8 13.
Rfd1 e6 14. h4 h6 15. Qf4 b5 16. cxb5 cxb5 17. Ne5 Nxe5 18. dxe5 Bb7 19. Rac1 axb3 20. axb3 Ra3 21. Qb4 Qa8 22. Ra1 Bf8 23. Qxb5 Ba6 24. Rxa3 Bxa3 25. Qa4 Bxe2 26. Ra1 Qxa4 27. bxa4 Bc5 28. a5 Ra8 29. Bf1 d4 30. Bd2 d3 31.
Kg2 Bd4 32. Ra4 Bxe5 33. Bxe2 dxe2 34. Kf3 Ra6 35. Kxe2 h5 36. Kd3 Rd6+ 37. Kc2 Bd4 38. Be3 Bxe3 39. fxe3 Ra6 40. Kd3 Kf8 41. Kc4 Ke7 42.
Kb5 Ra8 43. a6 Kd6 44. a7 Kc7 45. Ka6 Kc6 46. Rb4 Kd5 47. Rb8 Rxa7+ 48. Kxa7 Ke4 49. Rb7 f5 50. Rb6 1-0

[Event "*** SCC Grand Prix: Titled Tuesday Blitz"]
[Site "Chess.com"]
[Date "2020.07.07"]
[Round "2"]
[White "WashUntilHoles"]
[Black "DraG0s3L"]
[Result "1-0"]
[WhiteElo "2743"]
[BlackElo "2504"]
[TimeControl "180+1"]
[EndTime "10:18:57 PDT"]
[Termination "WashUntilHoles won by checkmate"]

1. e4 e6 2. d4 d5 3. Nd2 c5 4. Ngf3 Nc6 5. Bb5 cxd4 6. Nxd4 Bd7 7. Nxc6 bxc6 8. Bd3 Bd6 9. O-O Ne7 10. b3 O-O 11. Bb2 Ng6 12. Nf3 Qc7 13. c4 Ne5 14. exd5 exd5 15. Nxe5 Bxe5 16. Bxh7+ Kxh7 17. Qh5+ Kg8 18. Bxe5 Qd8 19. Rad1 Be6 20. Rfe1 Qe7 21. c5 Qxc5 22. Re3 f6 23. Bd4 Qd6 24. Rg3 Rf7 25. Qg6 Qf4 26. Rf3 Qg5 27. Qd3 Re8 28. Rg3 Qh6 29. h3 Bd7 30. Qc3 Re4 31. Re1 Rfe7 32. Rxe4 Rxe4 33. Bxf6 g6 34. Bg5 Qh5 35. Qc5 Re1+ 36. Kh2 Re5 37. Bf4 Rf5 38. Qd6 Be8 39. Be3 Bf7 40. Bd4 Qh4 41. Qb8+ Kh7 42. Qh8# 1-0

[Event "*** SCC Grand Prix: Titled Tuesday Blitz"]
[Site "Chess.com"]
[Date "2020.07.07"]
[Round "2"]
[White "dey2580"]
[Black "TigrVShlyape"]
[Result "1/2-1/2"]
[WhiteElo "2577"]
[BlackElo "2892"]
[TimeControl "180+1"]
[EndTime "10:18:58 PDT"]
[Termination "Game drawn by repetition"]

1. d4 Nf6 2. Nf3 g6 3. g3 Bg7 4. Bg2 O-O 5. O-O d6 6. b3 Nbd7 7. Bb2 Re8 8. Nbd2 e5 9. dxe5 dxe5 10. e4 b6 11. Re1 Bb7 12. a4 a6 13. Nc4 Nxe4 14.
Ng5 Qxg5 15. Qxd7 Re7 16. Qd1 f5 17. f3 Nc5 18. Nxe5 f4 19. gxf4 Qxf4 20. Nc4 Rae8 21. Rxe7 Rxe7 22. Bxg7 Kxg7 23. Qd2 Qxd2 24. Nxd2 Re2 25.
Rd1 Ne6 26. Bf1 Re3 27. Kf2 Rc3 28. Bd3 Nc5 29. Nc4 Nxd3+ 30. Rxd3 Rxd3 31. cxd3 Kf6 32.
h4 h6 33. f4 Bd5 34. b4 Bc6 35. a5 bxa5 36. Nxa5 Bd5 37. Nc4 Bxc4 38. dxc4 Ke6 39. Ke3 Kd6 40. Kd4 h5 41. c5+ Ke6 42. Ke4 c6 43.
Ke3 Kf5 44. Kf3 Kf6 45. Ke3 Kf5 46. Kf3 Kf6 47. Ke3 Kf5 1/2-1/2

[Event "*** SCC Grand Prix: Titled Tuesday Blitz"]
[Site "Chess.com"]
[Date "2020.07.07"]
[Round "2"]
[White "olksuna"]
[Black "FairChess_on_YouTube"]
[Result "1-0"]
[WhiteElo "2612"]
[BlackElo "2992"]
[TimeControl "180+1"]
[EndTime "10:18:59 PDT"]
[Termination "olksuna won on time"]

1. Nf3 Nf6 2. g3 d5 3. Bg2 c6 4. O-O h6 5. c4 dxc4 6. a4 Be6 7.
Na3 Bd5 8. Qc2 Na6 9. Nxc4 Nb4 10. Qb3 e6 11. a5 Be7 12. d3 O-O 13. Bd2 c5 14.
Bxb4 cxb4 15. Rfc1 Rc8 16. Nfd2 Bc5 17. Qd1 Bxf2+ 18.
Kxf2 Ng4+ 19. Kg1 Bxc4 20. Rxc4 Rxc4 21. Nxc4 Qd4+ 22. e3 Nxe3 23. Nxe3 Qxe3+ 24. Kh1 Rd8 25. Qe1 Qxd3 26. Qxb4 Qc2 27. h4 Rd2 28. Qxb7 Qxb2 29. Qxb2 Rxb2 30. a6 g5 31. hxg5 hxg5 32. Rc1 Ra2 33.
Bf1 e5 34. Rc7 e4 35. Rxa7 e3 36. Re7 Ra3 37. g4 Kg7 38. Kg2 Kf6 39. Re8 Ra4 40.
Be2 Kg6 41. Kf3 f5 42. Re6+ Kf7 43. gxf5 Rf4+ 44. Kxe3 Rxf5 45. Rb6 Ra5 46. Rb7+ Ke6 47. Rb6+ Ke5 48. Rb5+ Rxb5 49. Bxb5 1-0

[Event "*** SCC Grand Prix: Titled Tuesday Blitz"]
[Site "Chess.com"]
[Date "2020.07.07"]
[Round "2"]
[White "BogdanDeac"]
[Black "iaraldinho"]
[Result "1-0"]
[WhiteElo "2825"]
[BlackElo "2538"]
[TimeControl "180+1"]
[EndTime "10:18:59 PDT"]
[Termination "BogdanDeac won by checkmate"]

1. Nf3 f5 2. d3 d6 3. e4 e5 4. Nc3 Nf6 5. exf5 Bxf5 6. d4 e4 7. Nh4 Bg4 8. Be2 Be6 9. d5 Bf7 10. Nf5 a6 11. O-O Nbd7 12. Re1 Nb6 13. Bf3 Qd7 14. Nxe4 O-O-O 15. Nxf6 gxf6 16. Bg4 h5 17.
Bh3 Rg8 18. Ne7+ Bxe7 19. Bxd7+ Rxd7 20. b3 Bxd5 21. f3 Bd8 22. Be3 c5 23. Bf4 Rdg7 24.
g3 Bc7 25. Kf2 h4 26. g4 Bc6 27. c4 h3 28. Qd3 Nd7 29. Qf5 Kb8 30. Re6 Ne5 31.
Rxf6 Nxf3 32. Rf8+ Ka7 33. Rxg8 Rxg8 34. Qf7 Rc8 35.
Kg3 Nd4 36. Re1 Be8 37. Rxe8 Bd8 38. Qg8 Ne2+ 39. Kf3 Nd4+ 40. Ke4 Rc7 41. Rxd8 Re7+ 42. Kd5 Nc6 43. Bxd6 Re2 44. Bxc5+ b6 45. Rd7# 1-0

[Event "*** SCC Grand Prix: Titled Tuesday Blitz"]
[Site "Chess.com"]
[Date "2020.07.07"]
[Round "2"]
[White "Duhless"]
[Black "swisspower96"]
[Result "1-0"]
[WhiteElo "3068"]
[BlackElo "2610"]
[TimeControl "180+1"]
[EndTime "10:19:00 PDT"]
[Termination "Duhless won by resignation"]

1. c4 e5 2. Nc3 Nf6 3. Nf3 Nc6 4. g3 d5 5. cxd5 Nxd5 6. Bg2 Bc5 7. O-O O-O 8. d3 h6 9. Bd2 Nf6 10. Rc1 Re8 11.
a3 Bf8 12. b4 Nd4 13. Be3 a5 14. Bxd4 exd4 15. Nb5 c6 16. Nbxd4 axb4 17. axb4 Bxb4 18.
Qc2 Bg4 19. h3 Bd7 20. Nb3 Qe7 21. e3 c5 22. Nxc5 Rac8 23. d4 b6 24. Nxd7 Rxc2 25.
Nxf6+ Qxf6 26. Rxc2 Bf8 27. Rb1 Rb8 28. Ne5 Qf5 29. Rcb2 Qe6 30. Nc6 Re8 31. Rxb6 Qf5 32. Ne5 h5 33. Bd5 Re7 34. h4 g6 35. Rxg6+ Kh7 36. Rgb6 Bh6 37. Bc4 Kg7 38. Rb7 Rxb7 39.
Rxb7 Qc2 40. Rxf7+ Kh8 41. Bd3 Qd1+ 42. Kg2 Bxe3 43.
fxe3 Qd2+ 44. Rf2 Qxe3 45. Ng6+ Kg7 46. Nf4 Kh6 47. d5 Qd4 48. Re2 Kg7 49. Ne6+ 1-0

[Event "*** SCC Grand Prix: Titled Tuesday Blitz"]
[Site "Chess.com"]
[Date "2020.07.07"]
[Round "2"]
[White "Ze-Pequeno"]
[Black "NikolaGry"]
[Result "0-1"]
[WhiteElo "2232"]
[BlackElo "2631"]
[TimeControl "180+1"]
[EndTime "10:19:00 PDT"]
[Termination "NikolaGry won by resignation"]

1. e4 d6 2. d4 Nf6 3. Nc3 g6 4. Be3 c6 5. Qd2 b5 6. Bd3 Nbd7 7. h3 a6 8. f4 e6 9. Nf3 Bb7 10. O-O c5 11. e5 Nd5 12. Nxd5 Bxd5 13. c3 Be7 14. a4 c4 15. Bc2 O-O 16. Rae1 f5 17.
exf6 Nxf6 18. Ng5 Qd7 19. Qe2 Rae8 20. axb5 axb5 21. Bc1 Bd8 22. Qf2 Bb6 23. Qh4 b4 24. Kh2 Ba5 25. Re3 Re7 26. Rfe1 Rfe8 27. g4 Rg7 28. f5 exf5 29. gxf5 Rxe3 30. Rxe3 bxc3 31. bxc3 Bd8 32. Rg3 Nh5 33. Rg4 h6 34. fxg6 Bxg5 35.
Bxg5 hxg5 36. Qxh5 Qe6 37. Rxg5 Qe3 38. Qg4 Qf2+ 39.
Qg2 Bxg2 40. Rxg2 Qf4+ 41. Rg3 Re7 42. Bd1 Re3 43. Bf3 Rxf3 0-1

[Event "*** SCC Grand Prix: Titled Tuesday Blitz"]
[Site "Chess.com"]
[Date "2020.07.07"]
[Round "2"]
[White "gross-aleks"]
[Black "Khazieva_Elza"]
[Result "1-0"]
[WhiteElo "2600"]
[BlackElo "2284"]
[TimeControl "180+1"]
[EndTime "10:19:00 PDT"]
[Termination "gross-aleks won by resignation"]

1. c4 Nf6 2. g3 e5 3. Bg2 c6 4.
d4 Bd6 5. Nc3 O-O 6. Nf3 exd4 7.
Nxd4 Bb4 8. O-O Bxc3 9. bxc3 d6 10. Bf4 Nh5 11. Be3 Na6 12. Nb3 Be6 13. Qd3 Qe7 14. Rfd1 Rfd8 15. Rab1 Nc5 16. Qd4 Bf5 17. Rbc1 Ne6 18.
Qd2 h6 19. f3 Nf6 20. Bf2 d5 21. cxd5 cxd5 22. Nd4 Bg6 23. Nxe6 fxe6 24. Qb2 b6 25. c4 Rac8 26. cxd5 exd5 27. Rxc8 Rxc8 28. Bd4 Rc2 29. Qb5 Qxe2 30. Qxe2 Rxe2 31. a4 Bf7 32. Bf1 Ra2 33. Bb5 a6 34. Bc6 Be8 35. Bxe8 Nxe8 36. Bxb6 Rxa4 37. Rxd5 Nf6 38. Rd8+ Kf7 39. Ra8 Ra2 40.
Ra7+ Kg6 41. g4 Nd5 42. Bd4 Nf6 43. h4 Ne8 44. Re7 Nf6 45. h5+ Kg5 46. Rxg7+ Kf4 47. Bxf6 Kxf3 48. g5 Rg2+ 49. Kh1 hxg5 50. Rxg5 Re2 51. h6 Re6 52. h7 Re1+ 53. Rg1 Re2 54. h8=Q 1-0

[Event "*** SCC Grand Prix: Titled Tuesday Blitz"]
[Site "Chess.com"]
[Date "2020.07.07"]
[Round "2"]
[White "ferdipy"]
[Black "HouseOfDurin"]
[Result "1-0"]
[WhiteElo "2378"]
[BlackElo "2034"]
[TimeControl "180+1"]
[EndTime "10:19:00 PDT"]
[Termination "ferdipy won on time"]

1. e4 c5 2. d4 cxd4 3. c3 dxc3 4. Nxc3 Nc6 5. Bc4 d6 6. Nf3 e6 7. O-O Be7 8. Bf4 Nf6 9. Qe2 e5 10. Be3 Bg4 11. h3 Bh5 12. Rfd1 O-O 13. Rac1 a6 14. Bb3 Rc8 15. Bg5 Nd4 16. Qe3 Bxf3 17. gxf3 h6 18.
Bxh6 gxh6 19. Qxh6 Nh7 20. Kh1 Bg5 21. Rg1 Nxf3 22.
Rg3 Qf6 23. Qxf6 Nxf6 24. Rd1 Rxc3 25. bxc3 Nxe4 26. Rxf3 Be7 27. Rg1+ Kh7 28. Bxf7 Ng5 29. Bg6+ Kxg6 30. Rxf8 Bxf8 31. h4 Be7 32. hxg5 Bxg5 33. c4 Kf5 34. Rb1 b5 35. cxb5 axb5 36. Rxb5 Ke4 37.
Kg2 d5 38. a4 d4 39. Kf1 Bf4 40. a5 Kd3 41. a6 Kc4 42. a7 Kxb5 43. a8=Q Kc5 44.
Qe4 Kc4 45. Ke2 Kc5 46. Kd3 Kd6 47. Qb7 Ke6 48. Ke4 Kd6 49. Qd5+ Ke7 50. Qg8 Kd6 51. Qd5+ Kc7 52. f3 Kb6 53. Qc4 Kb7 54. Kd5 Kb6 55.
Qc6+ Ka7 56. Qb5 Be3 57. Kc6 1-0

[Event "*** SCC Grand Prix: Titled Tuesday Blitz"]
[Site "Chess.com"]
[Date "2020.07.07"]
[Round "2"]
[White "Durarbayli"]
[Black "SCIM"]
[Result "0-1"]
[WhiteElo "2795"]
[BlackElo "2547"]
[TimeControl "180+1"]
[EndTime "10:19:01 PDT"]
[Termination "SCIM won on time"]

1. e4 c5 2. b3 Nc6 3. Bb2 e5 4. Bc4 d6 5. Nc3 Be6 6. Bxe6 fxe6 7. Qh5+ g6 8. Qh3 Nd4 9. O-O-O Nf6 10. Nge2 Qd7 11.
f4 exf4 12. Nxf4 O-O-O 13. Rhf1 Bg7 14. Nce2 Nxe2+ 15. Nxe2 Nxe4 16. Bxg7 Qxg7 17. Qxe6+ Kb8 18. Kb1 Rhe8 19. Qd5 Re5 20. Qd3 d5 21. Nc3 Nxc3+ 22. dxc3 a6 23. Rf4 Ka8 24. Qf3 Ree8 25. Rf7 Qe5 26.
Rxh7 Rf8 27. Qg4 g5 28. Qh3 g4 29. Qxg4 Qxc3 30. Qg7 Qb4 31. a3 Qb6 32. Qc3 d4 33. Qc4 Rf2 34. Rg7 Re8 35. h4 Ree2 36. h5 Rxc2 37.
Qxc2 Rxc2 38. Kxc2 Qe6 39. Rg6 Qe4+ 40. Kc1 Qe3+ 41. Rd2 Qc3+ 42. Kd1 Qxb3+ 0-1

[Event "*** SCC Grand Prix: Titled Tuesday Blitz"]
[Site "Chess.com"]
[Date "2020.07.07"]
[Round "2"]
[White "harkerchess"]
[Black "ichangedmyname_yup"]
[Result "1-0"]
[WhiteElo "2102"]
[BlackElo "2382"]
[TimeControl "180+1"]
[EndTime "10:19:01 PDT"]
[Termination "harkerchess won on time"]

1. c4 e6 2. e4 c5 3. Nc3 b6 4.
Nf3 Bb7 5. d4 cxd4 6. Nxd4 a6 7.
Be2 Qc7 8. Kf1 Nf6 9. f3 Bb4 10. Be3 O-O 11. Rc1 Be7 12. g3 d6 13.
Kg2 Nbd7 14. Re1 Rac8 15. Kg1 Qb8 16. b3 Bd8 17. Nc2 Bc7 18. Nb4 Rfe8 19. Nd3 d5 20. exd5 exd5 21. Nxd5 Nxd5 22. cxd5 Rxe3 23. Qd2 Rce8 24.
Nb4 Bxg3 25. hxg3 Qxg3+ 26. Kf1 Qh3+ 27. Kg1 R8e5 28. Kf2 Qh2+ 29. Kf1 Rxf3+ 30. Bxf3 Qxd2 31. Nc6 Qd3+ 32. Kf2 Bxc6 33. dxc6 Qd2+ 34. Kf1 Qd3+ 35. Kf2 Rf5 36. Re3 Qd2+ 37. Re2 Qd4+ 38. Kg2 Ne5 39. c7 g6 40. c8=Q+ Kg7 41. Qc3 Qf4 42. Rxe5 Rxe5 43. Re1 Qg5+ 44. Kf1 f6 45. Qc7+ 1-0

[Event "*** SCC Grand Prix: Titled Tuesday Blitz"]
[Site "Chess.com"]
[Date "2020.07.07"]
[Round "2"]
[White "jonaszmb"]
[Black "tan275"]
[Result "1-0"]
[WhiteElo "2466"]
[BlackElo "2276"]
[TimeControl "180+1"]
[EndTime "10:19:02 PDT"]
[Termination "jonaszmb won by resignation"]

1. e4 c6 2. d4 d5 3. e5 Bf5 4. h4 h5 5. Bd3 Bxd3 6. Qxd3 Qa5+ 7. Nc3 e6 8. Nf3 Qa6 9. Qd1 Bb4 10. Ng5 Ne7 11.
Bd2 Nf5 12. Ne2 Bxd2+ 13. Qxd2 c5 14. c3 Nc6 15. g3 cxd4 16. cxd4 Qb6 17. Rd1 Qb4 18. O-O Qxd2 19. Rxd2 Ke7 20. Rfd1 Rac8 21. Nc3 a6 22. Na4 Ncxd4 23. Rxd4 Nxd4 24. Rxd4 Rc4 25. Rxc4 dxc4 26. Ne4 b5 27. Nac5 Ra8 28. Nd6 f6 29. f4 fxe5 30. fxe5 a5 31. Nxb5 Rb8 32. a4 Rc8 33. Ne4 Rc6 34. Kf2 Rc8 35. Ke3 Rf8 36.
Nd2 Rd8 37. Nxc4 Rd1 38. Nxa5 Rg1 39. Kf2 Rb1 40. Nc4 Rc1 41. b3 Rc2+ 42. Ke3 Rc1 43. a5 Rg1 44. a6 Rxg3+ 45. Kf2 Rg4 46. a7 Rf4+ 47. Ke3 Rf8 48. Nb6 1-0

[Event "*** SCC Grand Prix: Titled Tuesday Blitz"]
[Site "Chess.com"]
[Date "2020.07.07"]
[Round "2"]
[White "bgfbfbgfbgfgf"]
[Black "Maaikee"]
[Result "1-0"]
[WhiteElo "2638"]
[BlackElo "2286"]
[TimeControl "180+1"]
[EndTime "10:19:03 PDT"]
[Termination "bgfbfbgfbgfgf won by resignation"]

1. e4 e6 2. d4 d5 3. Nc3 Bb4 4.
e5 c5 5. a3 Bxc3+ 6. bxc3 Ne7 7. Qg4 Qc7 8. Qxg7 Rg8 9. Qxh7 cxd4 10. Qd3 Qxe5+ 11. Ne2 dxc3 12. Bf4 Qh8 13. Qxc3 Nd7 14. Qxh8 Rxh8 15. h4 e5 16. Bd2 Nc5 17. f3 Bf5 18. Rc1 Bxc2 19. Be3 Nd3+ 20. Kd2 Nxc1 21. Nxc1 Bg6 22.
g4 Rc8 23. h5 Rc2+ 24. Kd1 Bh7 25. Bg5 a6 26. Bf6 Rg8 27. Bxe5 Nc6 28. Bf6 Kd7 29.
g5 Rf2 30. Be2 Ne7 31. Ke1 Rg2 32. f4 Nf5 33. Bd3 Re8+ 34. Be5 Rxg5 35. fxg5 Rxe5+ 36. Kd2 Ng3 37. Rg1 Bxd3 38. Rxg3 Bh7 39. Ne2 Re4 40. g6 fxg6 41. hxg6 Bg8 42. g7 Re7 43. Nd4 Ke8 44. Nf5 Rf7 45. Nh6 Rf2+ 46. Ke1 Rh2 47. Nxg8 Kf7 48.
Nh6+ Rxh6 49. g8=Q+ 1-0

[Event "*** SCC Grand Prix: Titled Tuesday Blitz"]
[Site "Chess.com"]
[Date "2020.07.07"]
[Round "2"]
[White "profofchess"]
[Black "Bigfish1995"]
[Result "0-1"]
[WhiteElo "2459"]
[BlackElo "3060"]
[TimeControl "180+1"]
[EndTime "10:19:03 PDT"]
[Termination "Bigfish1995 won by resignation"]

1. e4 e6 2. d4 d5 3. Nc3 Bb4 4. exd5 exd5 5. Bd3 c6 6. Nf3 Nf6 7. O-O O-O 8. Ne2 Ne4 9. Ng3 f5 10. Ne5 Be6 11. f3 Nd6 12. c3 Ba5 13. Ne2 Nf7 14. Nf4 Bc8 15. Re1 Nxe5 16. Rxe5 Bc7 17. Re1 Re8 18. Bd2 a5 19. Rxe8+ Qxe8 20. Qe1 Qf7 21. Qe2 Nd7 22. Re1 Nf8 23. Qe7 Bd7 24. Qxf7+ Kxf7 25. h4 Ng6 26. Nxg6 hxg6 27. Kf2 f4 28. c4 Rh8 29.
cxd5 cxd5 30. Rc1 Bc6 31. Bb5 Bb6 32. Bxc6 Bxd4+ 33. Ke2 bxc6 34. Rxc6 Rxh4 35. Bxa5 Rh2 36. Kd3 Bxb2 37. Rc2 Ba3 38. Bc7 g5 39. Kc3 Rh1 40. Kb3 Be7 41. Be5 Re1 42. Bd4 Rd1 43. Bb2 Rd3+ 44.
Rc3 Rd1 45. Rc1 Rxc1 46. Bxc1 Ke6 47. a4 Bc5 48. Bb2 g6 49. a5 Be3 50. Bc1 Bxc1 51. Kc2 Be3 52. Kd3 Kd6 0-1

[Event "*** SCC Grand Prix: Titled Tuesday Blitz"]
[Site "Chess.com"]
[Date "2020.07.07"]
[Round "2"]
[White "chenxiaoyuer"]
[Black "FMalexhdez"]
[Result "1-0"]
[WhiteElo "2408"]
[BlackElo "2119"]
[TimeControl "180+1"]
[EndTime "10:19:03 PDT"]
[Termination "chenxiaoyuer won by resignation"]

1. e4 c5 2. Nf3 d6 3. d4 cxd4 4. Nxd4 Nf6 5. Nc3 a6 6. Be2 e5 7. Nb3 Be6 8. O-O Nbd7 9. f4 exf4 10. Bxf4 Ne5 11. Kh1 Be7 12. Qe1 O-O 13. Rd1 Qc7 14.
Nd4 Nfd7 15. Qg3 Bf6 16. Nf5 Bxf5 17. exf5 Nb6 18. Be3 Rfe8 19. Bxb6 Qxb6 20. Nd5 Qd8 21. Bf3 Rc8 22. c3 Nxf3 23. Qxf3 Re5 24. Rfe1 h6 25.
Rxe5 Bxe5 26. Re1 Qh4 27. g3 Qg5 28. Kg2 Rc4 29. Re2 b5 30. Ne3 Rc5 31. a3 Kh7 32. h4 Qe7 33. Qe4 f6 34. Nd5 Qf7 35. Rd2 a5 36. Ne3 b4 37. axb4 axb4 38. Qxb4 Qa7 39.
Qe4 Qa1 40. Qg4 Qe1 41. Re2 Qc1 42. Nf1 Rd5 43. Rf2 Rd1 44. Qg6+ Kh8 45. Qe8+ Kh7 46. h5 Rd3 47. Qg6+ Kh8 48. Qg4 Qe1 49. Qe2 Qb1 50. Nd2 Qc2 51. Nf3 Qd2 52. Nxd2 1-0

[Event "*** SCC Grand Prix: Titled Tuesday Blitz"]
[Site "Chess.com"]
[Date "2020.07.07"]
[Round "2"]
[White "MFBerna"]
[Black "Alexey_Spirin"]
[Result "1-0"]
[WhiteElo "2384"]
[BlackElo "2048"]
[TimeControl "180+1"]
[EndTime "10:19:03 PDT"]
[Termination "MFBerna won on time"]

1. d4 Nf6 2. Nf3 b6 3. g3 Bb7 4.
Bg2 e6 5. O-O c5 6. c4 cxd4 7.
Nxd4 Bxg2 8. Kxg2 Qc8 9. b3 a6 10. Bb2 Qb7+ 11. Kg1 Be7 12. Nc3 d6 13. Qd2 Nbd7 14.
Rfd1 O-O 15. Rac1 Rfd8 16. f3 Rac8 17. e4 Ne5 18. Qe2 Nc6 19. Nxc6 Rxc6 20. Rc2 Rc7 21. Rcd2 Rcd7 22. a4 h6 23. Ba3 Ne8 24. Rd3 Bf6 25.
f4 Be7 26. e5 Qc6 27. Qd2 Bf8 28. exd6 Bxd6 29. Bxd6 Rxd6 30. Rxd6 Rxd6 31. Qe3 Rxd1+ 32. Nxd1 b5 33. axb5 axb5 34. c5 Nc7 35. Nc3 b4 36.
Ne4 Nd5 37. Qd4 f6 38. Qc4 Kh7 39. Kf2 g5 40. Qd4 1-0

[Event "*** SCC Grand Prix: Titled Tuesday Blitz"]
[Site "Chess.com"]
[Date "2020.07.07"]
[Round "2"]
[White "Gennady_Kozlov"]
[Black "Dr-Bassem"]
[Result "0-1"]
[WhiteElo "2528"]
[BlackElo "2804"]
[TimeControl "180+1"]
[EndTime "10:19:06 PDT"]
[Termination "Dr-Bassem won by resignation"]

1. b3 e5 2. Bb2 d6 3. e3 Nf6 4. Be2 g6 5. f4 Nc6 6. Nf3 Qe7 7. fxe5 dxe5 8. Nc3 Bg7 9. O-O O-O 10. Bc4 e4 11. Nd4 Nxd4 12. exd4 c6 13. Qe2 Bg4 14. Qe3 Rad8 15.
Rae1 Bf5 16. h3 h5 17. Kh1 h4 18. a4 Nh5 19. Ne2 b6 20. Ra1 Qd7 21. Ba3 Rfe8 22. Nc3 Ng3+ 23. Kh2 Bxd4 24. Qh6 Nxf1+ 25. Rxf1 Bg7 26. Qxh4 Qxd2 27. Ne2 Qh6 28. Qe1 Be5+ 29. Ng3 Qh4 30. Qe3 c5 31. Bc1 Bxg3+ 32. Qxg3 Qxg3+ 33. Kxg3 e3 34. Re1 Bxc2 35. Bxe3 Bd3 36. Kf3 Bxc4 37.
bxc4 Rd3 38. Re2 Rc3 39. Kf2 Rxc4 40. Rd2 Rxa4 41. Bg5 Rd4 42. Ra2 a5 43. Rb2 Rd6 44. Bf4 Rf6 45. Kg3 c4 46. Bg5 Rc6 47. h4 c3 48. Rc2 b5 49. h5 gxh5 50. Kh4 b4 51. Kxh5 b3 52. Rc1 b2 53. Rb1 a4 54. g4 a3 55. Re1 Rxe1 0-1

[Event "*** SCC Grand Prix: Titled Tuesday Blitz"]
[Site "Chess.com"]
[Date "2020.07.07"]
[Round "2"]
[White "talaicito"]
[Black "dopolian"]
[Result "0-1"]
[WhiteElo "2133"]
[BlackElo "2414"]
[TimeControl "180+1"]
[EndTime "10:19:07 PDT"]
[Termination "dopolian won on time"]

1. d4 Nf6 2. Nc3 d5 3. Bf4 g6 4. e3 c6 5. Nf3 Bg7 6. Ne5 O-O 7. h4 h5 8. Be2 Nbd7 9. Qd2 Nxe5 10. dxe5 Ne4 11.
Nxe4 dxe4 12. O-O-O Bf5 13. Qxd8 Rfxd8 14. Bc4 Bg4 15. Rxd8+ Rxd8 16. e6 fxe6 17. a4 Kf8 18. f3 Bf5 19. Rf1 exf3 20. gxf3 e5 21. Bg5 Bf6 22.
Bh6+ Bg7 23. Bxg7+ Kxg7 24. e4 Bh3 25. Rg1 Kf6 26. Rg3 Bc8 27. a5 b5 28. Bd3 Be6 29.
b4 a6 30. Kb2 c5 31. bxc5 Rc8 32. Rg5 Rxc5 33. f4 Bf7 34. c3 Ke6 35. f5+ Kf6 36. fxg6 Bxg6 37. Kb3 Rc6 38. Kb4 Rd6 39. Be2 Bxe4 40. Bxh5 Bf5 41. Bg4 Bxg4 42. Rxg4 Kf5 43. Rg7 e4 44. Rxe7 Kf4 45. Kc5 Rd3 46. Kb6 Rxc3 47.
Kxa6 b4 48. h5 b3 49. h6 b2 50. Rb7 Rh3 51. h7 Rh6+ 0-1

[Event "*** SCC Grand Prix: Titled Tuesday Blitz"]
[Site "Chess.com"]
[Date "2020.07.07"]
[Round "2"]
[White "ShahMatKanal"]
[Black "theblitzchamp"]
[Result "0-1"]
[WhiteElo "2503"]
[BlackElo "2742"]
[TimeControl "180+1"]
[EndTime "10:19:08 PDT"]
[Termination "theblitzchamp won by resignation"]

1. d4 d5 2. c4 c6 3. Nf3 Nf6 4. e3 e6 5. Nc3 Nbd7 6. cxd5 exd5 7. Bd3 g6 8. O-O Bg7 9. b4 O-O 10. a4 Re8 11. Ba3 Ne4 12. Qc2 Ndf6 13. Ne5 Nxc3 14.
Qxc3 Ne4 15. Qc2 Nd6 16. b5 cxb5 17. axb5 Be6 18. f4 Nc4 19. Qf2 f6 20. Nf3 Bf7 21.
Rfe1 Qd7 22. Bxc4 dxc4 23. e4 Qxb5 24. d5 f5 25. Rab1 Qa6 26. e5 Qxa3 27. e6 b6 28. Ng5 Bxe6 29. dxe6 Qd6 30. Qh4 h6 31. Nf7 Qe7 32.
Nxh6+ Bxh6 33. Qxh6 Qg7 34. Qh3 Rac8 35. Qa3 Rc7 36. Qd6 Rce7 37. Rb4 Qf6 38. Rxc4 Rxe6 39. Rxe6 Rxe6 40. Rc8+ Kh7 41. Qd3 Qh4 42. Qd7+ Re7 43. g3 Qxg3+ 44. hxg3 Rxd7 45. Ra8 Kg7 46. Kf2 Rb7 47. Kf3 b5 48. Rd8 b4 49. Rd1 b3 50. Rb1 b2 51. Ke3 a5 52. Kd3 a4 53.
Kc3 a3 0-1

[Event "*** SCC Grand Prix: Titled Tuesday Blitz"]
[Site "Chess.com"]
[Date "2020.07.07"]
[Round "2"]
[White "Ariadna_Atreides"]
[Black "coalescenet"]
[Result "0-1"]
[WhiteElo "2072"]
[BlackElo "2389"]
[TimeControl "180+1"]
[EndTime "10:19:09 PDT"]
[Termination "coalescenet won on time"]

1. d4 d5 2. Nf3 Nf6 3. e3 Bg4 4. Be2 e6 5. Nbd2 Bd6 6. h3 Bh5 7. O-O Nbd7 8. b3 O-O 9. Bb2 Ne4 10. Ne5 Bxe2 11. Qxe2 c5 12. Nxd7 Qxd7 13. dxc5 Nxc5 14. c4 Rfe8 15. Qg4 f5 16. Qd4 Ne4 17. cxd5 exd5 18. Qxd5+ Kh8 19. Kh1 Rad8 20. Nxe4 fxe4 21. Rad1 Qe7 22.
Qh5 Bc7 23. Rxd8 Rxd8 24. Rd1 a6 25. Rxd8+ Qxd8 26. Qe2 Qd6 27. g3 Qd7 28. Kg2 Ba5 29.
Qc4 Qe8 30. Qd4 Qe7 31. Qd5 Be1 32. Qd4 h6 33. h4 Qf7 34. Qxe4 Qxf2+ 35. Kh3 Qf1+ 36.
Kh2 Qf2+ 37. Qg2 Qxe3 38. Qc2 Qxg3+ 39. Kh1 Qxh4+ 40. Kg2 Qg3+ 41. Kh1 Qg4 42. Qc3 Bg3 43. Qd4 Qf3+ 44. Kg1 Qf7 45. Qd8+ Kh7 46. Qd3+ Qg6 47. Qd7 Be5+ 48. Kf1 Bxb2 49. Ke2 Bf6 50. Kd1 Qg5 51.
Kc2 Qg2+ 0-1